 Dungeon Crawl Stone Soup version 0.31.0-12-g77e489cdc1 (webtiles) character file.

Game seed: 17628944930991384559

60 spaghetti the Ruffian (level 4, -1/37 HPs)
             Began as a Human Chaos Knight on Feb 23, 2024.
             Was a Plaything of Xom.
             Slain by an orc wizard
             ... wielding a +0 whip
              (5 damage)
             ... on level 3 of the Dungeon.
             The game lasted 00:02:07 (1368 turns).

spaghetti the Ruffian (Human Chaos Knight)          Turns: 1368, Time: 00:02:07

Health: -1/37      AC:  9    Str: 12 (14) XL:     4   Next: 6%
Magic:  4/4        EV: 16    Int:  9 (12) God:    Xom [..*...]
Gold:   88         SH:  0    Dex: 10 (13) Spells: 3/3 levels left

rFire   . .          .
                       - Unarmed
rCold   . . .        (no shield)
rNeg    + . .        a - +2 leather armour
rPois   .            j - +2 helmet
rElec   .            (no cloak)
rCorr   .            f - +0 pair of gloves
SInv    .            (no boots)
Will    .....        (no amulet)
Stlth   +            l - +5 ring of evasion
HPRegen 0.26/turn    k - ring of positive energy
MPRegen 0.09/turn

%: no passive effects
@: lethally poisoned (-1 -> -17)
A: explore regen
a: Renounce Religion


You were on level 3 of the Dungeon.
You worshipped Xom.
You were a toy of Xom.
You visited 1 branch of the dungeon, and saw 3 of its levels.

You collected 88 gold pieces.

Inventory:

Armour
 a - a +2 leather armour (worn)
 f - a +0 pair of gloves (worn)
 j - a +2 helmet (worn)
Jewellery
 k - a ring of positive energy (right hand)
 l - a +5 ring of evasion (left hand)
Wands
 h - a wand of mindburst (15)
Scrolls
 b - a scroll of butterflies
 c - a scroll of enchant weapon {unknown}
 e - a scroll of identify {unknown}
 i - a scroll of teleportation {unknown}


   Skills:
 + Level 4.0 Fighting
 - Level 2.0 Armour
 - Level 1.0 Dodging
 + Level 4.0 Unarmed Combat


You had 3 spell levels left.
You didn't know any spells.
Your spell library contained the following spells:

 Spells                   Type           Power      Damage    Failure   Level
 Olgreb's Toxic Radiance  Alch           0%         N/A       99%         4
 Iskenderun's Battlesphe  Conj           0%         2d6       100%        5
 Bombard                  Conj/Erth      0%         9d1       100%        6
 Ozocubu's Refrigeration  Ice            0%         4d7       100%        7
 Spellforged Servitor     Conj/Summ      0%         N/A       100%        7
 Discord                  Hex            0%         N/A       100%        8


Dungeon Overview and Level Annotations

Branches:
Dungeon (3/15)

Altars:
Ru

Shops:
D:3 :


Innate Abilities, Weirdness & Mutations

You regain HP and MP as you explore.


Message History

You closely miss the orc. The orc hits you but does no damage.
The orc barely misses you. Something hits you. The endoplasm freezes you.
You are frozen.
You hit the orc.
The orc is heavily wounded.
The orc closely misses you. Something closely misses you.
The endoplasm barely misses you. The orc misses you.
You hit the orc but do no damage.
The orc is heavily wounded.
The orc hits you with a +0 falchion. The orc barely misses you.
Something barely misses you. The endoplasm freezes you.
You are frozen.
You hit the orc but do no damage.
The orc is heavily wounded.
The endoplasm barely misses you. The orc hits you but does no damage.
You are poisoned.
The orc hits you with a +0 falchion!
* * * LOW HITPOINT WARNING * * *
Something hits you but does no damage.
It was a potion of degeneration.
There was something very wrong with that liquid.
You feel weakened.
You feel dopey.
You feel clumsy.
* * * LOW HITPOINT WARNING * * *
You feel very sick. The endoplasm freezes you.
You are frozen.
* * * LOW HITPOINT WARNING * * *
The orc misses you. The orc closely misses you. Something barely misses you.
You barely miss the orc.
The orc is heavily wounded.
* * * LOW HITPOINT WARNING * * *
You feel sick.
The orc hits you with a +1 short sword of venom.
* * * LOW HITPOINT WARNING * * *
You are more poisoned.
Something hits you.
You die... "This toy is broken."

#.# #. #.# #.
#.# .. #.# #.
#.# #. ##.##
#.####.## #...##
......{J#
#.###.##
......o@# ###.#
##.# #..####o#
... #.# ##.#
###.# ##.# #..#
#.###.## ###'##+
#...## #.....#
##.### #.....#
##..# +##'##+
+##+..##
#..#.....#..##.#


You could see 2 orcs and an endoplasm.

Vanquished Creatures
  2 dart slugs (D:1)
  A ribbon worm (D:2)
  3 orcs (D:3)
  4 ball pythons
  2 endoplasms
  A giant cockroach (D:1)
  6 goblins
  6 hobgoblins
  5 kobolds
  5 quokkas
  5 bats
  2 frilled lizards
  2 rats (D:1)
44 creatures vanquished.

Notes
Turn   | Place    | Note
-------+----------+-------------------------------------------
     0 | D:1      | spaghetti the Human Chaos Knight began the quest for the
                  | Orb.
     0 | D:1      | Reached XP level 1. HP: 18/18 MP: 1/1
    53 | D:1      | Reached XP level 2. HP: 11/24 MP: 2/2
   318 | D:1      | Reached XP level 3. HP: 29/29 MP: 3/3
   639 | D:2      | XOM: divination: detect creatures
   771 | D:2      | XOM: 6-stop teleportation journey
  1114 | D:2      | XOM: silly message
  1192 | D:3      | Found Fudet's Book Boutique.
  1305 | D:3      | Found a sacrificial altar of Ru.
  1355 | D:3      | Reached XP level 4. HP: 37/37 MP: 4/4
  1368 | D:3      | Slain by an orc wizard

Illustrated notes

Levels and vault maps discovered:
D:1:      erik_arrival_orb_chamber, layout_basic
D:2:      layout_rooms
D:3:      layout_loops_ring, mainiacjoe_overflow_24_doors, serial_shops,
          shop_statue

Skill      XL: |  1  2  3 |
---------------+----------+-----
Fighting       | 4 |  4.0
Unarmed Combat | 4 |  4.0
Armour         | |  2.0
Dodging        | |  1.0

Action                     |  1- 3 |  4- 6 || total
---------------------------+-------+-------++-------
  Melee: Unarmed           |   135 |    12 ||   147
         Punch             |     2 |       ||     2
    Use: Scroll            |     2 |       ||     2
         Potion            |       |     2 ||     2
   Stab: Sleeping          |     1 |       ||     1
 Armour: Leather armour    |    89 |    18 ||   107
  Dodge: Dodged            |   107 |    24 ||   131
